 Dungeon Crawl Stone Soup version 0.25.0-1-g7eea58d (webtiles) character file.

Game seed: 6590293892202404385

31 poiuyt0418 the Skirmisher (level 3, -12/35 HPs)
             Began as a Gnoll Abyssal Knight on June 14, 2020.
             Was a Follower of Lugonu.
             Mangled by a tentacle (19 damage)
             ... attached to a kraken
             ... on level 3 of the Abyss.
             The game lasted 00:00:54 (155 turns).

poiuyt0418 the Skirmisher (Gnoll Abyssal Knight)     Turns: 155, Time: 00:00:54

Health: -12/35     AC:  3    Str: 15      XL:     3   Next: 22%
Magic:  6/6        EV: 12    Int: 14      God:    Lugonu [*.....]
Gold:   53         SH:  0    Dex: 10 (14) Spells: 3/3 levels left

rFire    . . .     SeeInvis .   a - +1 falchion
rCold    . . .     Gourm    .   (no shield)
rNeg     . . .     Faith    .   b - +0 leather armour
rPois    .         Spirit   .   (no helmet)
rElec    .         Reflect  +   (no cloak)
rCorr    .         Harm     .   (no gloves)
MR       .....                  (no boots)
Stlth    +.........             g - amulet of reflection
HPRegen  0.11/turn              (no ring)
MPRegen  0.10/turn              (no ring)

@: no status effects
A: distributed training, fangs 1, strong nose
a: Depart the Abyss, Renounce Religion


You were on level 3 of the Abyss.
You worshipped Lugonu.
Lugonu was aware of your devotion.
You were not hungry.

You visited 0 branches of the dungeon, and saw 0 of its levels.
You visited the Abyss 1 time.

You collected 53 gold pieces.

Inventory:

Hand Weapons
 a - a +1 falchion (weapon)
Missiles
 e - 8 boomerangs (quivered)
Armour
 b - a +0 leather armour (worn)
Jewellery
 g - an amulet of reflection (around neck)
Wands
 h - a wand of flame (21)
Scrolls
 f - a scroll of acquirement {unknown}
Potions
 d - a potion of brilliance {unknown}
Comestibles
 c - 3 rations


   Skills:
 + Level 6.5 Fighting
 + Level 0.6 Short Blades
 + Level 4.5 Long Blades
 + Level 0.6 Axes
 + Level 0.6 Maces & Flails
 + Level 0.6 Polearms
 + Level 0.6 Staves
 + Level 0.6 Slings
 + Level 0.6 Bows
 + Level 0.6 Crossbows
 + Level 0.6 Throwing
 + Level 4.5 Armour
 + Level 2.5 Dodging
 + Level 0.6 Stealth
 + Level 0.6 Shields
 + Level 0.6 Unarmed Combat
 + Level 0.6 Spellcasting
 + Level 0.4 Conjurations
 + Level 0.4 Hexes
 + Level 0.4 Charms
 + Level 0.4 Summonings
 + Level 0.4 Necromancy
 + Level 0.4 Translocations
 + Level 0.4 Transmutations
 + Level 0.4 Fire Magic
 + Level 0.4 Ice Magic
 + Level 0.4 Air Magic
 + Level 0.4 Earth Magic
 + Level 0.4 Poison Magic
 + Level 4.5 Invocations
 + Level 0.6 Evocations


You had 3 spell levels left.
You didn't know any spells.
Your spell library was empty.

Dungeon Overview and Level Annotations

Branches:
Dungeon (0/15)

Altars:


Innate Abilities, Weirdness & Mutations

Your experience applies equally to all skills.
You have very sharp teeth.
Your uncanny sense of smell can sniff out nearby items.


Message History

g - an amulet of reflection (around neck)
Found a ration.
Found 7 gold pieces.
Found a corrupted altar of Lugonu.
c - 3 rations (gained 1)
You now have 53 gold pieces (gained 7).
Found a blackened lead wand.
Found a gateway leading out of the Abyss.
h - a wand of flame (21)
A small abomination comes into view.
A kraken comes into view.
Tentacles burst out of the water!
The small abomination hits you!
* * * LOW HITPOINT WARNING * * *
Found a scroll labeled YGOTEO POIHIF. 4 tentacles come into view.
A tentacle segment bursts forth from the water.
The tentacle slaps you but does no damage.
The tentacle slaps you!!
Ouch! That really hurt!
You die...

? # ∆ #.#.#####
.≈.≈≈.w.# ≈≈≈≈≈*w@###
≈≈≈≈≈≈ww#.#
≈≈≈≈≈≈≈x.####### .#
≈≈≈≈≈≈≈.#......#∆ . .
.#
≈≈*≈≈≈≈........###.#.
.# ≈≈≈≈≈≈≈≈#...##..
#..# ..
≈X≈≈≈≈..#.##.#...##..
#. ≈≈≈≈.≈≈...#.##.#.#
.....
.≈≈≈..≈...##.##### #
._


You could see a kraken, 4 tentacles and a small abomination.

Vanquished Creatures
  A quasit (Abyss:3)
1 creature vanquished.

Notes
Turn   | Place    | Note
-------+----------+-------------------------------------------
     0 | Abyss:1  | poiuyt0418 the Gnoll Abyssal Knight began the quest for the
                  | Orb.
     0 | Abyss:1  | Reached XP level 1. HP: 23/23 MP: 3/3
    93 | Abyss:3  | Noticed a quasit
   107 | Abyss:3  | Killed a quasit
   107 | Abyss:3  | Reached XP level 2. HP: 11/29 MP: 5/5
   107 | Abyss:3  | Reached XP level 3. HP: 14/35 MP: 6/6
   120 | Abyss:3  | Found a corrupted altar of Lugonu.
   148 | Abyss:3  | Noticed a small abomination
   151 | Abyss:3  | Noticed a kraken
   155 | Abyss:3  | Mangled by a tentacle

Illustrated notes

Levels and vault maps discovered:
Abyss:3:  evilmike_abyss_exit_kraken, nicolae_abyss_rune_star_stuff

Action                   || total
-------------------------++-------
Melee: Falchion          ||    10
       Bite              ||     1
Armor: Leather armour    ||    20
Dodge: Dodged            ||    26
       Rpst.: Falchion   ||     6
